AoeStats
← Big mike

Lombardia

509998951Analyzed
2v2 RM · 4d ago on Sep 29, 2026· 64m 44s· 4 players
Game mode
Random Map
Map size
Medium (4 player)
Population
200
Speed
Normal
Resources
Standard
Victory
Conquest
Starting age
Dark Age
Ending age
Imperial Age
RankedLock teamsTeams togetherTeam positionsShared explorationLock speedFull tech treeHidden civsTurbo modeCheats
Victory
Defeat
941
+12
922
+14
🇿🇦 Huns · South Africa
863
-13
🇨🇴 Persians · Colombia
862
-13
jgmolina20
11:20 Feudal Age
11:46 Loom
16:40 Bloodlines
22:10 Castle Age
20:27 Town Watch
26:42 Light Cavalry
28:18 Horse Collar
29:07 Double-Bit Axe
29:19 Pikeman
31:35 Wheelbarrow
31:49 Husbandry
33:00 Bow Saw
32:46 Gold Mining
33:48 Heavy Plow
33:44 Crossbowman
33:45 Elite Skirmisher
37:17 Hand Cart
38:23 Kamandaran
39:34 Town Patrol
39:50 Thumb Ring
40:37 Caravan
40:44 Gambesons
43:01 Forging
42:57 Scale Barding Armor
42:44 Fletching
49:14 Imperial Age
48:07 Ballistics
48:59 Cavalier
51:37 Iron Casting
50:57 Bodkin Arrow
Big mike
10:57 Feudal Age
10:03 Loom
14:47 Castle Age
12:34 Double-Bit Axe
13:00 Horse Collar
15:30 Wheelbarrow
16:06 Wheelbarrow
16:15 Bow Saw
17:10 Loom
18:57 Heavy Plow
21:13 Hand Cart
22:56 Stone Mining
22:57 Gold Mining
22:56 Town Watch
24:51 Town Patrol
27:26 Gold Shaft Mining
27:12 Forging
27:07 Scale Barding Armor
27:03 Padded Archer Armor
26:54 Fletching
27:34 Ballistics
31:48 Imperial Age
31:36 Bodkin Arrow
31:57 Leather Archer Armor
32:17 Iron Casting
32:04 Chain Barding Armor
32:58 Parthian Tactics
32:37 Bracer
33:00 Heavy Cavalry Archer
37:01 Blast Furnace
36:36 Plate Barding Armor
37:09 Chemistry
36:49 Conscription
37:02 Caravan
38:53 Atheism
41:13 Elite Skirmisher
41:19 Cavalier
42:00 Husbandry
42:12 Husbandry
42:16 Paladin
61:47 Light Cavalry
PAOSQLS | trufkenpiwke
13:00 Feudal Age
14:39 Double-Bit Axe
14:48 Gold Mining
17:14 Castle Age
16:52 Horse Collar
17:59 Loom
18:01 Town Watch
18:53 Wheelbarrow
18:12 Crossbowman
18:48 Fletching
18:58 Padded Archer Armor
22:32 Bow Saw
23:47 Heavy Plow
28:47 Imperial Age
28:57 Imperial Age
26:41 Thumb Ring
27:52 Hand Cart
28:46 Padded Archer Armor
28:42 Bodkin Arrow
29:09 Ballistics
32:54 Gold Shaft Mining
33:07 Arbalester
36:32 Chemistry
35:50 Fortified Wall
35:05 Arbalester
37:08 Two-Man Saw
37:07 Leather Archer Armor
36:52 Bracer
37:09 Town Patrol
39:39 Ring Archer Armor
39:24 Stone Mining
40:12 Torsion Engines
47:23 Stone Shaft Mining
58:49 Husbandry
PAOSQLS | Dmitri Quetzalcoatl
9:49 Feudal Age
11:36 Double-Bit Axe
20:02 Castle Age
21:44 Fletching
22:00 Gold Mining
22:50 Husbandry
24:17 Bloodlines
24:11 Bodkin Arrow
25:22 Padded Archer Armor
34:10 Imperial Age
36:04 Wheelbarrow
35:58 Conscription
35:43 Silk Armor
38:02 Bracer
37:29 Heavy Cavalry Archer
39:34 Leather Archer Armor
40:12 Hand Cart
41:01 Ballistics
40:42 Murder Holes
42:12 Horse Collar
44:13 Ring Archer Armor
45:26 Chemistry
50:08 Forging
50:04 Scale Barding Armor
50:02 Elite Steppe Lancer
52:22 Chain Barding Armor
52:27 Heavy Plow
Connection lost

Rejoining the realm…

Still unreachable

The connection could not be restored.

Session expired

The server has moved on; the page needs a fresh start.